 Dungeon Crawl Stone Soup version 0.29-a0-330-g52719c12eb (webtiles) character file.

Game seed: 10492868107608814924

18 night the Sneak (level 2, -7/26 HPs)
             Began as a Draconian Delver on May 21, 2022.
             Shot with an arrow by a centaur (17 damage)
             ... on level 5 of the Dungeon.
             The game lasted 00:01:07 (89 turns).

night the Sneak (Draconian Delver)                    Turns: 89, Time: 00:01:08

Health: -7/26      AC:  4    Str: 14    XL:     2   Next: 48%
Magic:  2/2        EV: 12    Int: 10    God:
Gold:   0          SH:  0    Dex: 12    Spells: 1/1 levels left

rFire   . . .      SeeInvis .     - Unarmed
rCold   . . .      Faith    .   (no shield)
rNeg    . . .      Spirit   .   (body armour unavailable)
rPois   .          Reflect  .   (helmet restricted)
rElec   .          Harm     .   (no cloak)
rCorr   .          Rampage  .   (no gloves)
Will    .....                   (no boots)
Stlth   +++.......              (no amulet)
HPRegen 0.08/turn               (no ring)
MPRegen 0.08/turn               (no ring)

@: hasted, very quick
A: AC +4, unfitting armour, cold-blooded
a: no special abilities


You were on level 5 of the Dungeon.
You visited 1 branch of the dungeon, and saw 1 of its levels.

Inventory:

Wands
 e - a wand of digging (2)
Scrolls
 a - a scroll of fog
 b - a scroll of magic mapping
 c - a scroll of fear
Potions
 d - a potion of haste


   Skills:
 + Level 3.6 Fighting
 - Level 1.7 Dodging
 - Level 4.5 Stealth
 * Level 2.8 Unarmed Combat


You had one spell level left.
You didn't know any spells.
Your spell library was empty.

Dungeon Overview and Level Annotations

Branches:
Dungeon (5/15)
 Temple: D:4-7

Altars:


Innate Abilities, Weirdness & Mutations

Your plain brown scales are hard. (AC +4)
You cannot fit into any form of body armour.
You are cold-blooded and may be slowed by cold attacks.


Message History

You feel yourself speed up.
You see here an amulet of guardian spirit.
You barely miss the adder. The adder bites you.
You are poisoned.
The adder poisons you!
You miss the adder.
You feel sick. The adder barely misses you.
You miss the adder.
You feel sick. The adder misses you.
You hit the adder.
The adder is heavily wounded.
You hit the adder.
The adder is severely wounded.
You feel sick. The adder closely misses you.
You closely miss the adder.
The adder is severely wounded.
You feel sick. The adder bites you.
You hit the adder.
You kill the adder!
You feel sick.
You are no longer poisoned.
You see here an adder corpse.
Aiming: Dig
Press: ? - help, Shift-Dir - straight line A rock wall.
The rock shatters into small pieces.
A centaur comes into view.
A centaur comes into view.
The centaur wields a +0 shortbow.
The centaur shoots an arrow.
The arrow hits you!
The centaur unwields a +0 shortbow.
The centaur barely misses you.
The centaur kicks you but does no damage.
The centaur shouts!
You hit the centaur.
The centaur is lightly wounded.
You hit the centaur but do no damage.
You tail-slap the centaur, but do no damage.
The centaur is lightly wounded.
The centaur wields a +3 vorpal shortbow.
The centaur shoots an arrow.
The arrow hits you!
Ouch! That really hurt!
You die...

##. #.. . #.# ..#####.#
........####
........##.#
.......c.#.##
.......######.c.@....#
........#.)...#####.##
......[...## #.#
.......>.# #.#
.........# ###.#
.........# ##...##
.........#######.....##
>...........l##.......#
.........###..........#


You could see 2 centaurs.

Vanquished Creatures
  2 adders (D:5)
2 creatures vanquished.

Notes
Turn   | Place    | Note
-------+----------+-------------------------------------------
     0 | D:5      | night the Draconian Delver began the quest for the Orb.
     0 | D:5      | Reached XP level 1. HP: 19/19 MP: 1/1
     5 | D:5      | Noticed an orc wizard
    14 | D:5      | Reached XP level 2. HP: 26/26 MP: 2/2
    43 | D:5      | Noticed a wyvern
    84 | D:5      | Noticed a centaur
    85 | D:5      | Noticed a centaur
    89 | D:5      | Shot with an arrow by a centaur

Illustrated notes

Levels and vault maps discovered:
D:5:      cheibrodos_quashed, layout_rooms, lightli_corner_chamber

Action                   || total
-------------------------++-------
Melee: Unarmed           ||    13
       Tailslap          ||     3
       Punch             ||     1
Evoke: Wand              ||     1
  Use: Potion            ||     1
Armor: Skin              ||     3
Dodge: Dodged            ||     9

Table legend: (Time is in decaauts)
 A = Elapsed time spent in this place.
 B = Non-inter-level travel time spent in this place.
 C = Inter-level travel time spent in this place.
 D = Time resting spent in this place.
 E = Time spent auto-exploring this place.
 F = Levels seen in this place.
 G = Mean time per level.
                   A        B        C        D        E       F      G
               +--------+--------+--------+--------+--------+-----+--------+
         Total |     74 |     74 |      0 |      0 |      4 |   1 |   74.0 |
       Dungeon |     74 |     74 |      0 |      0 |      4 |   1 |   74.0 |
               +--------+--------+--------+--------+--------+-----+--------+

Top non-repeatable levels by time:
     D:5: 74 daAuts
